 Dungeon Crawl Stone Soup version 0.26-a0-613-g4f23886233 (webtiles) character file.

Game seed: 10492695869428664040

695 Peloso the Slasher (level 7, -1/55 HPs)
             Began as a Demonspawn Fighter on Sept 11, 2020.
             Slain by an adder (2 damage)
             ... on level 5 of the Dungeon.
             The game lasted 00:07:59 (4993 turns).

Peloso the Slasher (Demonspawn Fighter)             Turns: 4993, Time: 00:08:00

Health: -1/55      AC: 11    Str: 20 (21) XL:     7   Next: 37%
Magic:  7/7        EV:  8    Int:  8 (9)  God:
Gold:   316        SH:  9    Dex:  9 (12) Spells: 6/6 levels left

rFire    + . .     SeeInvis .   a - +0 long sword
rCold    . . .     Faith    .   c - +0 kite shield
rNeg     . . .     Spirit   .   b - +0 scale mail
rPois    .         Reflect  .   q - +0 helmet
rElec    .         Harm     .   u - +0 cloak
rCorr    .                      A - +1 pair of gloves
MR       .....                  (no boots)
Stlth    ..........             (no amulet)
HPRegen  0.18/turn              j - ring of protection from fire
MPRegen  0.10/turn              (no ring)

@: stab, hasted, very quick
A: talons 1, powered by death 2, screaming 1, strong 1, rot immunity
a: no special abilities


You were on level 5 of the Dungeon.
You visited 1 branch of the dungeon, and saw 5 of its levels.

You collected 316 gold pieces.

Inventory:

Hand Weapons
 a - a +0 long sword (weapon)
Missiles
 r - 26 bolts
Armour
 b - a +0 scale mail (worn)
 c - a +0 kite shield (worn)
 g - a scarf of repulsion
 q - a +0 helmet (worn)
 u - a +0 cloak (worn)
 A - a +1 pair of gloves (worn)
Jewellery
 j - a ring of protection from fire (left hand)
 w - an uncursed ring of protection from cold {unknown}
Wands
 y - a wand of digging (3)
Scrolls
 e - 2 scrolls of teleportation {unknown}
 h - 2 scrolls of enchant weapon {unknown}
 i - 5 scrolls of identify {unknown}
 l - a scroll of immolation {unknown}
 m - a scroll of fog {unknown}
 o - 4 scrolls of remove curse {unknown}
 s - a scroll of noise {unknown}
 t - a scroll of amnesia {unknown}
 v - 2 scrolls of random uselessness {unknown}
 z - a scroll of enchant armour {unknown}
Potions
 d - a potion of might
 x - a potion of curing {unknown}


   Skills:
 + Level 4.5 Fighting
 + Level 4.6 Long Blades
 + Level 4.3 Armour
 + Level 1.4 Dodging
 + Level 0.3 Stealth
 + Level 4.2 Shields


You had 6 spell levels left.
You didn't know any spells.
Your spell library contained the following spells:

 Spells                   Type           Power        Failure   Level
 Bolt of Magma            Conj/Fire/Erth #.........   100%        5
 Iskenderun's Battlesphe  Conj           #.......     100%        5
 Iron Shot                Conj/Erth      #.........   100%        6
 Orb of Destruction       Conj           #.........   100%        7
 Spellforged Servitor     Conj/Summ      #.........   100%        7


Dungeon Overview and Level Annotations

Branches:
Dungeon (5/15)
 Temple: D:4-7

Altars:
Zin

Annotations:
D:4 Menkaure


Innate Abilities, Weirdness & Mutations

You have sharp toenails.
You regenerate health from kills.
You are immune to rotting.
You occasionally shout uncontrollably at your foes.
Your muscles are strong. (Str +2)


Message History

You feel weakened.
You feel dopey.
You feel clumsy. The centaur barely misses you.
You riposte.
You hit the centaur.
The centaur is moderately wounded.
You block the jackal's attack. The adder bites you but does no damage.
It was a potion of mutation.
You feel extremely strange.
You feel the urge to shout.
You feel stronger. You block the centaur's attack.
The jackal bites you but does no damage.
You block the adder's attack.
The centaur hits you but does no damage.
The jackal completely misses you.
It was a potion of stabbing.
You feel ready to backstab. The adder bites you.
* * * LOW HITPOINT WARNING * * *
The centaur hits you but does no damage.
The jackal misses you.
You riposte.
You closely miss the jackal.
It was a potion of haste.
You feel yourself speed up. You block the centaur's attack.
The adder bites you.
You die...

##.## #...####...# #.#
##### ##.## #.# #.# #+#
#.# ... #.# .... ###
#.# ..... ##.###.#
......####h..##.#######
......wS@hhZ...........
......###cZ......######
..... #l#.###..# ....
#.##.....# ...
#.##.###.# #+ #.##.#
#.# #.##.###.#
#........# ####.#####


You could see a centaur, an adder, a dart slug, a centaur zombie, a leopard
gecko, 3 jackals and a bullfrog skeleton.

Vanquished Creatures
  Edmund (D:5)
  An ice beast (D:5)
  A centaur (D:5)
  A hound (D:3)
  3 orc wizards
  Jessica (D:3)
  Ijyb (D:4)
  An iguana (D:5)
  A worker ant (D:4)
  8 adders
  A gnoll (D:1)
  2 white imps (D:5)
  2 oozes
  A worm (D:4)
  4 dart slugs
  4 leopard geckos
  9 orcs
  4 giant cockroaches
  7 goblins
  8 hobgoblins
  A jackal (D:5)
  7 kobolds
  2 quokkas
  A ball python (D:2)
  9 bats
  5 frilled lizards
  7 rats
93 creatures vanquished.

Notes
Turn   | Place    | Note
-------+----------+-------------------------------------------
     0 | D:1      | Peloso the Demonspawn Fighter began the quest for the Orb.
     0 | D:1      | Reached XP level 1. HP: 18/18 MP: 1/1
   304 | D:1      | Gained mutation: You regenerate a little health from kills.
                  | [demonic ancestry]
   304 | D:1      | Reached XP level 2. HP: 23/24 MP: 2/2
  1051 | D:1      | Gained mutation: You are immune to rotting. [demonic
                  | ancestry]
  1051 | D:1      | Reached XP level 3. HP: 17/29 MP: 3/3
  2013 | D:2      | Reached XP level 4. HP: 34/36 MP: 4/4
  2064 | D:2      | Found a faded altar of an unknown god.
  2870 | D:3      | Noticed Jessica
  2879 | D:3      | Killed Jessica
  2879 | D:3      | Reached XP level 5. HP: 37/42 MP: 5/5
  3866 | D:4      | Noticed Menkaure
  3885 | D:3      | Gained mutation: You have sharp toenails. [demonic
                  | ancestry]
  3885 | D:3      | Reached XP level 6. HP: 47/48 MP: 6/6
  4143 | D:4      | Noticed Ijyb
  4387 | D:4      | Killed Ijyb
  4397 | D:4      | Found a glowing silver altar of Zin.
  4413 | D:5      | Entered Level 5 of the Dungeon
  4472 | D:5      | Reached skill level 1 in Dodging
  4717 | D:5      | Noticed an ice beast
  4733 | D:5      | Killed an ice beast
  4733 | D:5      | Gained mutation: You regenerate health from kills. [demonic
                  | ancestry]
  4733 | D:5      | Reached XP level 7. HP: 27/54 MP: 7/7
  4958 | D:5      | Noticed Edmund
  4988 | D:5      | Killed Edmund
  4989 | D:5      | HP: 1/55 [centaur (6)]
  4991 | D:5      | Gained mutation: You occasionally shout uncontrollably at
                  | your foes. [potion of mutation]
  4991 | D:5      | Gained mutation: Your muscles are strong. (Str +2) [potion
                  | of mutation]
  4993 | D:5      | Slain by an adder

Illustrated notes

Levels and vault maps discovered:
D:1:      ncdulo_smallfort, layout_loops_ring, kennysheep_nondescript,
          minmay_box_of_dots
D:2:      layout_loops_ring, chequers_ecumenical_altar_simple_redux,
          minmay_fractal_squares_5
D:3:      layout_rooms, serial_curves, eino_curves_04, eino_curves_03,
          grunt_ministairs_5, roderic_serpentine_path, uniq_jessica
D:4:      layout_cave_pools, overflow_temple_1_default,
          chequers_serial_rivers_micro_e, amethyst_killhole, uniq_menkaure,
          uniq_ijyb
D:5:      layout_loops_corners, minmay_temple_entry_purple_smoke, uniq_edmund

Skill      XL: |  1  2  3  4  5  6 |
---------------+-------------------+-----
Armour         | 3 4 |  4.3
Shields        | 3 4 |  4.2
Long Blades    | 2 3 4 |  4.6
Fighting       | 4 |  4.5
Dodging        | 1 |  1.4
Stealth        | |  0.3

Action                   |  1- 3 |  4- 6 |  7- 9 || total
-------------------------+-------+-------+-------++-------
Melee: Long sword        |   104 |   270 |    46 ||   420
       Kick              |       |    20 |    16 ||    36
  Use: Potion            |     1 |     1 |     4 ||     6
Armor: Scale mail        |    50 |   154 |    30 ||   234
Dodge: Dodged            |    37 |   121 |    30 ||   188
       Repelled          |     1 |       |       ||     1
Block: Kite shield       |    58 |   167 |    38 ||   263
       Rpst.: Long sword |    15 |    34 |    10 ||    59

Table legend: (Time is in decaauts)
 A = Elapsed time spent in this place.
 B = Non-inter-level travel time spent in this place.
 C = Inter-level travel time spent in this place.
 D = Time resting spent in this place.
 E = Time spent auto-exploring this place.
 F = Levels seen in this place.
 G = Mean time per level.
                   A        B        C        D        E       F      G
               +--------+--------+--------+--------+--------+-----+--------+
         Total |   5145 |   5005 |    140 |    791 |   3043 |   5 | 1029.0 |
       Dungeon |   5145 |   5005 |    140 |    791 |   3043 |   5 | 1029.0 |
               +--------+--------+--------+--------+--------+-----+--------+

Top non-repeatable levels by time:
     D:1: 1776 daAuts
     D:3: 1444 daAuts
     D:2: 1163 daAuts
     D:5: 599 daAuts
     D:4: 161 daAuts
